 Dungeon Crawl Stone Soup version 0.31-a0-185-g9dded2c639 (webtiles) character file.

Game seed: 2364033970765067079

109601 qw the Crack Shot (level 16, -18/101 HPs)
             Began as a Deep Elf Hunter on June 22, 2023.
             Was a High Priest of Okawaru.
             Demolished by a faun
             ... wielding a +0 spear
              (60 damage)
             ... on level 2 of the Shoals.
             The game lasted 00:10:22 (21038 turns).

qw the Crack Shot (Deep Elf Hunter)                Turns: 21038, Time: 00:10:22

Health: -18/101    AC: 24    Str: 14    XL:     16   Next: 5%
Magic:  31/33      EV:  2    Int: 17    God:    Okawaru [*****.]
Gold:   64         SH:  0    Dex: 21    Spells: 15/15 levels left

rFire   + + .        A - +0 triple crossbow of the Mind {drain, rF++ rN+ Stlth+}
rCold   . . .        (shield currently unavailable)
rNeg    + . .        B - +4 scale mail {rPois}
rPois   +            d - +0 mask of the Dragon {Will+ Slay+3 SInv}
rElec   .            C - scarf {repulsion}
rCorr   .            r - +2 pair of gloves {Dex+3}
SInv    +            z - +2 pair of boots
Will    ++...        l
                       - Hermit's Pendant {Faith Invo=14 Evo=0 MP+5}
Stlth   +++          k - ring of the Hare {EV+10}
HPRegen 0.36/turn    u - +4 ring of protection
MPRegen 0.23/turn

%: repel missiles, faith
@: sleeping, heroic
A: no striking features
a: Renounce Religion, Heroism, Finesse, Duel


You were on level 2 of the Shoals.
You worshipped Okawaru.
Okawaru was extremely pleased with you.
You visited 5 branches of the dungeon, and saw 25 of its levels.

You collected 3334 gold pieces.
You spent 3270 gold pieces at shops.


   Skills:
 + Level 12.2(17.2) Fighting
 - Level 22.0(27) Ranged Weapons
 - Level 8.0(13.0) Armour
 - Level 17.1(22.1) Dodging
 - Level 1.2(6.2) Stealth
 - Level 10.0(14.0) Invocations


You had 15 spell levels left.
You didn't know any spells.
Your spell library was empty.

Inventory:

Hand Weapons
 A - the +0 triple crossbow of the Mind (weapon) {drain, rF++ rN+ Stlth+}
   (You acquired it on level 13 of the Dungeon)

   rF:        It greatly protects you from fire.
   rN:        It protects you from negative energy.
   Stlth:     It makes you more stealthy.
Armour
 d - the +0 mask of the Dragon (worn) {Will+ Slay+3 SInv}
   (You found it on level 5 of the Lair of Beasts)

   Slay:      It affects your accuracy & damage with ranged weapons and melee
   (+3).
   SInv:      It lets you see invisible.
   Will:      It increases your willpower.
 o - a +1 cloak
 r - a +2 pair of gloves of dexterity (worn)
 x - a +2 ring mail of fire resistance
 y - +0 fire dragon scales
 z - a +2 pair of boots (worn)
 B - a +4 scale mail of poison resistance (worn)
 C - a scarf of repulsion (worn)
Jewellery
 f - a ring of fire
 k - the ring of the Hare (left hand) {EV+10}
   (You found it on level 3 of the Dungeon)

   [ring of evasion]

   EV:        It affects your evasion (+10).
 l - the Hermit's Pendant (around neck) {Faith Invo=14 Evo=0 MP+5}
   (You found it on level 5 of the Dungeon)

   [amulet of faith]

   Invo=14: It sets your Invocations skill to 14.
   Evo=0: It sets your Evocations skill to 0.
   It allows you to gain divine favour quickly.
   MP:        It affects your magic capacity (+5).
 n - an amulet of the acrobat
 u - a +4 ring of protection (right hand)
Wands
 t - a wand of digging (14)
Scrolls
 a - 15 scrolls of identify
 b - 7 scrolls of teleportation
 v - 3 scrolls of enchant weapon
Potions
 c - 4 potions of heal wounds
 e - 6 potions of mutation
 g - 2 potions of cancellation
 h - 2 potions of haste
 i - a potion of resistance
 j - 4 potions of enlightenment
 m - 6 potions of might
 s - 8 potions of curing
 w - 2 potions of magic

Dungeon Overview and Level Annotations

Branches:
Dungeon (15/15)            Temple (1/1) D:7            Lair (5/5) D:9
 Shoals (2/4) Lair:2        Snake (0/4) Lair:3        Slime (0/5) Lair:5
    Orc (2/2) D:10            Elf (0/3) Orc:2        Vaults (0/5) D:14
 Depths (0/4) D:15

Altars:
Ashenzari
Cheibriados
Dithmenos
Elyvilon
Fedhas
Gozag
Hepliaklqana
Kikubaaqudgha
Makhleb
Nemelex Xobeh
Okawaru
Qazlal
Ru
Sif Muna
Trog
Uskayaw
Vehumet
Wu Jian
Xom
Yredelemnul
Zin
The Shining One
Jiyva

Shops:
D:6 =   D:8 :   D:9 [   Orc:2 [:?(

Annotations:
Shoals:1 3 runed translucent doors, finalsalamander's ghost, adept HOMo
Orc:1 1 runed translucent door


Message History

The wind drake flaps its wings at you. The air twists around and strikes you.
The snapping turtle misses you.
The satyr shoots an arrow.
The arrow barely misses you.
You shoot a bolt. The bolt barely misses the wind drake.
The bolt hits the faun!!
The faun is severely wounded.
The wind drake completely misses you.
The snapping turtle completely misses you.
The satyr plays a frightful melody on its pipes!
The satyr radiates an aura of fear!
You resist with almost no effort.
The wind drake exhales a fierce blast of wind!
You are knocked back by the gust of wind.
You slam into the rock wall!
The snapping turtle completely misses you.
You shoot a bolt. The bolt barely misses the satyr.
The bolt hits the faun.
The faun is severely wounded.
The wind drake exhales a fierce blast of wind!
You are knocked back by the gust of wind.
You slam into the rock wall!
The faun completely misses you.
The snapping turtle completely misses you.
The wind drake exhales a fierce blast of wind!
You are knocked back by the gust of wind.
You slam into the rock wall!
21036 ||| INVOKING Heroism.
You gain the combat prowess of a mighty hero.
The faun completely misses you.
The snapping turtle bites you but does no damage.
The wind drake completely misses you.
The satyr unwields a +0 longbow.
The satyr wields a +0 club.
The satyr completely misses you.
You shoot a bolt. The bolt hits the satyr.
You drain the satyr.
The satyr is lightly wounded.
The faun hits you from afar with a +0 spear!
The wind drake completely misses you.
The snapping turtle completely misses you.
The satyr plays a lulling melody on its pipes!
You fall asleep.
The wind drake bites you but does no damage.
The faun hits you from afar with a +0 spear!!!
Ouch! That really hurt!
You die...

~~~~.......###.....~~~~~~~~
~~~~.......####./...~~~~~~~
~~~~..~.<...##.....~~~~~~~~
~~~~..~~~..~~~.....~~~~~~~~
~~~~~...~~..~~.....~~~~~~~~
~~~~~~.......~~....~~~
~~~~~~.........~)..~~~
~~~~~~~.##..)..~~..
~~~~....###@kc.~~..
~~~~....# #.ct.~~..
~~~~~~~.. ..#c..~~.
~.~~~~~~>..###..~~.
~..~~~~~... .)~~.
...~~~..?. ~~~. ~..~. ~..
...... ~..


You could see a satyr (drained), a snapping turtle (drained), a wind drake
(repels missiles, catching breath) and 2 fauns.

Vanquished Creatures
  Gastronok (D:9)
  Nessos (D:12)
  Azrael (Orc:2)
  A dire elephant (D:15)
  7 hydras
  2 catoblepae (D:14)
  2 centaur warriors
  5 vault guards (D:14)
  3 boulder beetles
  A death knight (D:14)
  6 two-headed ogres
  A tengu warrior (D:14)
  Urug (Lair:2)
  3 orc high priests (Orc:2)
  A deep elf knight (D:14)
  A fire crab (D:14)
  4 skysharks
  2 goliath frogs (Lair:5)
  3 sea snakes
  2 deep elf archers (D:14)
  A lindwurm (Lair:2)
  2 wizards
  4 harpies (Shoals:1)
  A deep elf pyromancer (D:15)
  7 orc knights
  5 orc sorcerers (Orc:2)
  9 cyclopes
  12 ugly things
  A salamander (D:15)
  A wolf spider (D:14)
  10 manticores
  4 fauns
  17 elephants
  A guardian serpent (shapeshifter) (D:14)
  8 black mambas
  A merfolk siren (Shoals:1)
  Maurice (D:8)
  A water nymph (Shoals:1)
  Joseph (D:7)
  2 gargoyles
  21 cane toads
  2 cane toads (shapeshifter)
  3 unseen horrors
  A yaktaur (shapeshifter) (D:14)
  7 komodo dragons
  2 rime drakes
  A tengu conjurer (D:14)
  A kobold demonologist (D:10)
  A troll (shapeshifter) (D:14)
  An efreet (D:15)
  2 merfolk (Shoals:1)
  8 trolls
  A wolf spider simulacrum (D:15)
  2 meliai (D:13)
  A hornet (D:11)
  Grinder (D:4)
  3 polar bears
  2 wind drakes (Shoals:1)
  A tyrant leech (Lair:5)
  40 blink frogs
  Prince Ribbit (Lair:1)
  12 slime creatures
  3 snapping turtles (Shoals:1)
  3 shadows
  A jumping spider (shapeshifter) (D:13)
  2 vampires
  3 fire elementals (Orc:2)
  44 yaks
  6 wyverns
  3 wraiths
  A golden eye (shapeshifter) (D:13)
  6 basilisks
  10 vampire mosquitoes
  3 acid dragons
  5 wargs
  3 nagas (Lair:3)
  15 water moccasins
  A hell hound (Orc:2)
  3 black bears
  A sky beast (D:6)
  An ice beast (D:7)
  20 orc warriors
  11 centaurs
  4 ogres
  6 wolves (Lair:5)
  5 kobold brigands
  23 bullfrogs
  4 scorpions
  5 wights
  14 killer bees
  10 howler monkeys
  5 hounds
  4 jellies
  20 orc priests
  7 iguanas
  3 iron imps (D:4)
  3 sleepcaps
  Jessica (D:3)
  Natasha (thrice) (D:3)
  A gnoll bouda (D:4)
  17 orc wizards
  4 gnolls (D:5)
  9 adders
  A white imp (D:6)
  2 ufetubi
  5 worms
  2 dart slugs (D:4)
  43 orcs
  3 ball pythons
  3 bats
  7 endoplasms
  5 giant cockroaches
  9 goblins
  7 hobgoblins
  6 jackals
  4 quokkas
  5 frilled lizards
  16 kobolds
  8 rats
670 creatures vanquished.

Vanquished Creatures (others)
  A tengu conjurer (D:14)
  An orc (Orc:2)
2 creatures vanquished.

Grand Total: 672 creatures vanquished

Notes
Turn   | Place    | Note
-------+----------+-------------------------------------------
     0 | D:1      | qw the Deep Elf Hunter began the quest for the Orb.
     0 | D:1      | Reached XP level 1. HP: 12/12 MP: 3/3
     0 | D:1      | 0 ||| qw: Version: 0.3-a-9-g12657ce
     0 | D:1      | 0 ||| qw: Game counter: 1788
     0 | D:1      | 0 ||| qw: Always use a shield: true
     0 | D:1      | 0 ||| qw: God list: Okawaru
     0 | D:1      | 0 ||| qw: Allow faded altars: false
     0 | D:1      | 0 ||| qw: Do Orc after D:15 true
     0 | D:1      | 0 ||| qw: Do second Lair branch before Depths: true
     0 | D:1      | 0 ||| qw: Lair rune preference: random
     0 | D:1      | 0 ||| qw: Plans: Normal
     0 | D:1      | 0 ||| PLANNING D:1-11
    57 | D:1      | 57 ||| FLEEEEING.
    60 | D:1      | 60 ||| FLEEEEING.
    61 | D:1      | 61 ||| FLEEEEING.
    62 | D:1      | 62 ||| FLEEEEING.
    63 | D:1      | 63 ||| FLEEEEING.
    64 | D:1      | 64 ||| FLEEEEING.
    65 | D:1      | 65 ||| FLEEEEING.
    66 | D:1      | 66 ||| FLEEEEING.
    67 | D:1      | 67 ||| FLEEEEING.
    68 | D:1      | 68 ||| FLEEEEING.
    69 | D:1      | 69 ||| FLEEEEING.
    70 | D:1      | 70 ||| FLEEEEING.
    71 | D:1      | 71 ||| FLEEEEING.
   165 | D:1      | Reached XP level 2. HP: 16/16 MP: 4/4
   166 | D:1      | Reached skill level 6 in Ranged Weapons
   595 | D:1      | Reached XP level 3. HP: 20/20 MP: 5/5
   779 | D:1      | 779 ||| UPGRADING to +2 leather armour of cold resistance.
   789 | D:1      | 789 ||| DROPPING +0 leather armour.
   790 | D:1      | 790 ||| READING 2 scrolls labelled JUUSSA RODGH.
   791 | D:1      | 791 ||| READING scroll labelled CURESE KAEGRUT.
   792 | D:1      | 792 ||| DROPPING scroll of butterflies.
  1117 | D:2      | Reached skill level 7 in Ranged Weapons
  1499 | D:2      | Reached XP level 4. HP: 25/25 MP: 6/6
  1636 | D:2      | 1636 ||| READING scroll labelled UVYQEC RIOXY.
  1637 | D:2      | 1637 ||| READING scroll labelled JINLUY NIEGIQU.
  1638 | D:2      | 1638 ||| READING 2 scrolls of identify.
  1638 | D:2      | 1638 ||| IDENTIFYING cyan potion
  1639 | D:2      | 1639 ||| DROPPING potion of invisibility.
  1742 | D:3      | Noticed Natasha
  1746 | D:3      | Killed Natasha
  1811 | D:3      | Noticed Jessica
  1813 | D:3      | Killed Jessica
  1814 | D:3      | Reached skill level 8 in Ranged Weapons
  1823 | D:3      | Reached XP level 5. HP: 29/29 MP: 7/7
  1933 | D:3      | Noticed Natasha
  1939 | D:3      | Killed Natasha
  1985 | D:3      | Found the ring of the Hare {EV+10}
  2069 | D:3      | Noticed Natasha
  2078 | D:3      | Killed Natasha
  2079 | D:3      | Reached skill level 9 in Ranged Weapons
  2306 | D:3      | 2306 ||| UPGRADING to ring of the Hare {EV+10}.
  2307 | D:3      | 2307 ||| READING 2 scrolls labelled DIEGAR ZETSAB.
  2312 | D:3      | 2312 ||| READING scroll labelled VAOSKIGISO.
  2313 | D:3      | 2313 ||| READING scroll labelled ADUGEX AF VUF.
  2314 | D:3      | 2314 ||| DRINKING 2 bubbling golden potions.
  2315 | D:3      | 2315 ||| DRINKING 2 fizzy blue potions.
  2316 | D:3      | 2316 ||| DRINKING 2 fuming yellow potions.
  2316 | D:3      | Gained mutation: You have a pair of small horns on your
                  | head. [potion of mutation]
  2316 | D:3      | Lost mutation: You have a pair of small horns on your head.
                  | [potion of mutation]
  2317 | D:3      | 2317 ||| DRINKING 2 fizzy grey potions.
  2364 | D:3      | 2364 ||| READING 2 scrolls of identify.
  2364 | D:3      | 2364 ||| IDENTIFYING bubbling cyan potion
  2365 | D:3      | 2365 ||| DROPPING potion of lignification.
  2381 | D:4      | 2381 ||| STAIRDANCE
  2407 | D:4      | 2407 ||| STAIRDANCE
  2421 | D:4      | 2421 ||| STAIRDANCE
  2488 | D:4      | Noticed a black bear
  2508 | D:4      | Killed a black bear
  2509 | D:4      | Reached XP level 6. HP: 33/34 MP: 8/8
  2631 | D:4      | Found a burning altar of Makhleb.
  2814 | D:4      | Noticed Grinder
  2816 | D:4      | Paralysed by Grinder for 2 turns
  2840 | D:4      | Killed Grinder
  2841 | D:4      | Reached skill level 10 in Ranged Weapons
  2841 | D:4      | Reached XP level 7. HP: 40/40 MP: 9/9
  2973 | D:4      | 2973 ||| DRINKING potion of curing.
  2973 | D:4      | 2973 ||| (to cure confusion)
  2984 | D:4      | 2984 ||| Stepping ~*~*~tactically~*~*~ (outnumbered).
  2993 | D:4      | Reached skill level 11 in Ranged Weapons
  3101 | D:4      | 3101 ||| READING 2 scrolls labelled ZICHOY PEIGOA.
  3102 | D:4      | 3102 ||| READING scroll labelled KAXKAROXTA.
  3103 | D:4      | 3103 ||| DRINKING 2 puce potions.
  3104 | D:4      | 3104 ||| DROPPING scroll of immolation.
  3126 | D:5      | Entered Level 5 of the Dungeon
  3442 | D:5      | Reached skill level 12 in Ranged Weapons
  3548 | D:5      | Found the Hermit's Pendant {Faith Invo=14 Evo=0 MP+5}
  3634 | D:5      | Reached XP level 8. HP: 38/44 MP: 10/10
  3843 | D:5      | 3843 ||| Stepping ~*~*~tactically~*~*~ (outnumbered).
  3848 | D:5      | 3848 ||| Stepping ~*~*~tactically~*~*~ (outnumbered).
  3859 | D:5      | 3859 ||| FLEEEEING.
  3860 | D:5      | 3860 ||| FLEEEEING.
  3863 | D:5      | 3863 ||| FLEEEEING.
  3864 | D:5      | 3864 ||| FLEEEEING.
  3865 | D:5      | 3865 ||| FLEEEEING.
  3866 | D:5      | 3866 ||| FLEEEEING.
  3867 | D:5      | 3867 ||| FLEEEEING.
  3868 | D:5      | 3868 ||| FLEEEEING.
  3869 | D:5      | 3869 ||| FLEEEEING.
  3870 | D:5      | 3870 ||| FLEEEEING.
  3871 | D:5      | 3871 ||| FLEEEEING.
  3872 | D:5      | 3872 ||| FLEEEEING.
  3873 | D:5      | 3873 ||| FLEEEEING.
  3874 | D:5      | 3874 ||| FLEEEEING.
  3877 | D:5      | 3877 ||| FLEEEEING.
  3878 | D:5      | 3878 ||| FLEEEEING.
  3879 | D:5      | 3879 ||| FLEEEEING.
  3880 | D:5      | 3880 ||| FLEEEEING.
  3881 | D:5      | 3881 ||| FLEEEEING.
  3882 | D:5      | 3882 ||| FLEEEEING.
  3886 | D:5      | 3886 ||| FLEEEEING.
  3887 | D:5      | 3887 ||| STAIRDANCE
  3987 | D:4      | 3987 ||| UPGRADING to +0 cloak.
  3992 | D:4      | 3992 ||| READING scroll of enchant armour.
  3992 | D:4      | 3992 ||| ENCHANTING +0 cloak.
  3993 | D:4      | 3993 ||| UPGRADING to Hermit's Pendant {Faith Invo=14 Evo=0
                  | MP+5}.
  4077 | D:4      | 4077 ||| READING scroll labelled CAOCVA LIURUTI.
  4078 | D:4      | 4078 ||| READING scroll labelled ALEISU TONIO.
  4082 | D:5      | 4082 ||| STAIRDANCE
  4223 | D:5      | Reached skill level 3 in Fighting
  4349 | D:5      | 4349 ||| READING 4 scrolls of identify.
  4349 | D:5      | 4349 ||| IDENTIFYING bubbling coppery potion
  4535 | D:6      | 4535 ||| Stepping ~*~*~tactically~*~*~ (outnumbered).
  4537 | D:6      | 4537 ||| Stepping ~*~*~tactically~*~*~ (outnumbered).
  4605 | D:6      | Found Efuat's One-of-a-Kind Rings.
  4618 | D:6      | 4618 ||| BUYING +1 ring of evasion (26 gold).
  4618 | D:6      | Bought a +1 ring of evasion for 26 gold pieces
  4618 | D:6      | 4618 ||| BUYING +3 ring of dexterity (130 gold).
  4618 | D:6      | Bought a +3 ring of dexterity for 130 gold pieces
  4618 | D:6      | 4618 ||| SHOPLISTING +9 ring of evasion (1345 gold, have
                  | 221).
  4618 | D:6      | 4618 ||| SHOPLISTING ring "Ihudial" {rC+ Str+6} (650 gold,
                  | have 221).
  4618 | D:6      | 4618 ||| SHOPLISTING ring "Nemoy" {Int+3 Dex+6} (640 gold,
                  | have 221).
  4689 | D:6      | Reached skill level 13 in Ranged Weapons
  4961 | D:6      | 4961 ||| UPGRADING to +0 pair of boots.
  4966 | D:6      | 4966 ||| UPGRADING to ring of resist corrosion.
  4967 | D:6      | 4967 ||| DROPPING +1 ring of evasion.
  4968 | D:6      | 4968 ||| UPGRADING to +3 ring of dexterity.
  4970 | D:6      | 4970 ||| DROPPING ring of resist corrosion.
  4971 | D:6      | 4971 ||| READING 5 scrolls of identify.
  4971 | D:6      | 4971 ||| IDENTIFYING blue potion
  4972 | D:6      | 4972 ||| DROPPING potion of attraction.
  4991 | D:7      | Reached skill level 1 in Armour
  5090 | D:7      | Found a staircase to the Ecumenical Temple.
  5091 | D:7      | 5091 ||| PLANNING TEMPLE
  5091 | D:7      | 5091 ||| DROPPING +0 scale mail.
  5098 | Temple   | Entered the Ecumenical Temple
  5148 | Temple   | 5148 ||| PLANNING OKAWARU WORSHIP
  5303 | Temple   | Became a worshipper of Warmaster Okawaru
  5304 | Temple   | 5304 ||| PLANNING D:1-11
  5333 | D:7      | Noticed Joseph
  5338 | D:7      | Killed Joseph
  5339 | D:7      | Reached XP level 9. HP: 46/50 MP: 21/21
  5372 | D:7      | Reached * piety under Okawaru
  5557 | D:7      | Reached skill level 1 in Invocations
  5650 | D:7      | Found a broken altar of Ashenzari.
  5650 | D:7      | Found a bloodstained altar of Trog.
  5851 | D:7      | Found a sparkling altar of Nemelex Xobeh.
  5858 | D:7      | Reached skill level 14 in Ranged Weapons
  5895 | D:7      | Found a hazy altar of Hepliaklqana.
  5963 | D:7      | 5963 ||| SWAPPING to +0 longbow.
  5964 | D:7      | 5964 ||| DROPPING +1 heavy shortbow.
  5965 | D:7      | 5965 ||| READING scroll of brand weapon.
  5965 | D:7      | 5965 ||| BRANDING +0 longbow.
  5966 | D:7      | 5966 ||| UPGRADING to +0 ring mail of fire resistance.
  5976 | D:7      | 5976 ||| DROPPING +2 leather armour of fire resistance.
  5977 | D:7      | 5977 ||| DROPPING +0 ring mail.
  5978 | D:7      | 5978 ||| DRINKING 2 murky coppery potions.
  5979 | D:7      | 5979 ||| DRINKING 2 white potions.
  5980 | D:7      | 5980 ||| READING 5 scrolls of identify.
  5980 | D:7      | 5980 ||| IDENTIFYING inky potion
  5981 | D:7      | 5981 ||| DROPPING potion of degeneration.
  5982 | D:7      | 5982 ||| DROPPING potion of brilliance.
  6003 | D:8      | Noticed Maurice
  6004 | D:8      | 6004 ||| INVOKING Heroism.
  6006 | D:8      | Reached skill level 3 in Invocations
  6025 | D:8      | Killed Maurice
  6025 | D:8      | Reached ** piety under Okawaru
  6026 | D:8      | 6026 ||| STAIRDANCE
  6156 | D:8      | Identified the +1 leather armour of the Eternal Void {rF+
                  | Will+ Stlth+}
  6202 | D:8      | 6202 ||| FLEEEEING.
  6203 | D:8      | 6203 ||| FLEEEEING.
  6204 | D:8      | 6204 ||| FLEEEEING.
  6205 | D:8      | 6205 ||| FLEEEEING.
  6206 | D:8      | 6206 ||| FLEEEEING.
  6213 | D:8      | Reached skill level 15 in Ranged Weapons
  6214 | D:8      | 6214 ||| INVOKING Heroism.
  6255 | D:8      | Found Tafacaj's Tremendous Tomes.
  6322 | D:8      | Found an ornate altar of the Wu Jian Council.
  6550 | D:8      | 6550 ||| DROPPING +1 leather armour of the Eternal Void
                  | {rF+ Will+ Stlth+}.
  6551 | D:8      | 6551 ||| DROPPING amulet of magic regeneration.
  6552 | D:8      | 6552 ||| READING scroll labelled YSTRUA URAEVEI.
  6658 | D:9      | 6658 ||| STAIRDANCE
  6662 | D:8      | 6662 ||| INVOKING Heroism.
  6827 | D:9      | Found a snail-covered altar of Cheibriados.
  6828 | D:9      | 6828 ||| READING scroll labelled QYAZXO MENATO.
  6887 | D:9      | Found a staircase to the Lair.
  6889 | D:9      | 6889 ||| INVOKING Heroism.
  6891 | D:9      | 6891 ||| Stepping ~*~*~tactically~*~*~ (outnumbered).
  6901 | D:9      | Reached XP level 10. HP: 47/56 MP: 22/22
  6920 | D:9      | Reached *** piety under Okawaru
  6922 | D:9      | 6922 ||| FLEEEEING.
  6923 | D:9      | 6923 ||| FLEEEEING.
  6924 | D:9      | 6924 ||| FLEEEEING.
  6925 | D:9      | 6925 ||| FLEEEEING.
  6926 | D:9      | 6926 ||| FLEEEEING.
  6932 | D:9      | Reached skill level 16 in Ranged Weapons
  7192 | D:9      | 7192 ||| INVOKING Heroism.
  7294 | D:9      | Found Miring's Antique Armour Boutique.
  7303 | D:9      | 7303 ||| BUYING bloodstained ring mail (243 gold).
  7303 | D:9      | Bought a bloodstained ring mail for 243 gold pieces
  7303 | D:9      | Identified the +3 ring mail of the Other Side {Int+5} (You
                  | bought it in a shop on level 9 of the Dungeon)
  7303 | D:9      | 7303 ||| BUYING pair of glowing gloves (202 gold).
  7303 | D:9      | Bought a pair of glowing gloves for 202 gold pieces
  7336 | D:9      | Found a shimmering altar of Xom.
  7336 | D:9      | Found a shimmering altar of Xom.
  7337 | D:9      | Found a shimmering altar of Xom.
  7433 | D:9      | 7433 ||| READING scroll of enchant weapon.
  7433 | D:9      | 7433 ||| ENCHANTING +0 longbow of draining.
  7466 | D:9      | Noticed Gastronok
  7467 | D:9      | 7467 ||| INVOKING Heroism.
  7476 | D:9      | Killed Gastronok
  7476 | D:9      | Reached **** piety under Okawaru
  7477 | D:9      | Reached skill level 17 in Ranged Weapons
  7623 | D:9      | 7623 ||| PLANNING LAIR
  7623 | D:9      | 7623 ||| DROPPING +2 leather armour of cold resistance.
  7624 | D:9      | 7624 ||| UPGRADING to +3 ring mail of the Other Side
                  | {Int+5}.
  7634 | D:9      | 7634 ||| UPGRADING to +2 pair of gloves of dexterity.
  7639 | D:9      | 7639 ||| READING scroll labelled NILACI MO ISEY.
  7641 | D:9      | 7641 ||| Stepping ~*~*~tactically~*~*~ (cloud).
  7716 | Lair:1   | Entered Level 1 of the Lair of Beasts
  7717 | Lair:1   | 7717 ||| INVOKING Heroism.
  7728 | Lair:1   | Reached skill level 18 in Ranged Weapons
  7741 | Lair:1   | Reached ***** piety under Okawaru
  7751 | Lair:1   | Reached skill level 6 in Invocations
  7767 | Lair:1   | Reached XP level 11. HP: 61/61 MP: 23/23
  7775 | Lair:1   | Noticed a boulder beetle
  7776 | Lair:1   | 7776 ||| INVOKING Heroism.
  7777 | Lair:1   | 7777 ||| INVOKING Finesse.
  7787 | Lair:1   | Killed a boulder beetle
  7866 | Lair:1   | 7866 ||| INVOKING Heroism.
  7945 | Lair:1   | 7945 ||| INVOKING Heroism.
  7980 | Lair:1   | Found a hide-covered altar of Uskayaw.
  7981 | Lair:1   | Noticed a boulder beetle
  7982 | Lair:1   | 7982 ||| INVOKING Finesse.
  7986 | Lair:1   | 7986 ||| INVOKING Heroism.
  7993 | Lair:1   | Killed a boulder beetle
  8021 | Lair:1   | Found an ornate altar of the Wu Jian Council.
  8108 | Lair:1   | 8108 ||| INVOKING Heroism.
  8174 | Lair:1   | Noticed Prince Ribbit
  8182 | Lair:1   | Killed Prince Ribbit
  8236 | Lair:1   | 8236 ||| INVOKING Heroism.
  8252 | Lair:1   | Reached skill level 9 in Invocations
  8256 | Lair:1   | Reached ****** piety under Okawaru
  8259 | Lair:1   | Identified the +0 plate armour of Quantum Leap {Rampage
                  | Regen+} (Okawaru gifted it to you on level 1 of the Lair of
                  | Beasts)
  8259 | Lair:1   | Received a gift from Okawaru
  8647 | Lair:1   | 8647 ||| READING scroll labelled TOWKUISAIT.
  8679 | Lair:2   | 8679 ||| INVOKING Heroism.
  8689 | Lair:2   | Found a hazy altar of Hepliaklqana.
  8723 | Lair:2   | Reached skill level 19 in Ranged Weapons
  8822 | Lair:2   | 8822 ||| INVOKING Heroism.
  8829 | Lair:2   | Reached XP level 12. HP: 68/68 MP: 24/24
  8831 | Lair:2   | Reached skill level 9 in Dodging
  8991 | Lair:2   | Found a staircase to the Shoals.
  8995 | Lair:2   | 8995 ||| INVOKING Heroism.
  9004 | Lair:2   | Noticed Urug
  9005 | Lair:2   | 9005 ||| INVOKING Finesse.
  9011 | Lair:2   | Killed Urug
  9133 | Lair:2   | Reached skill level 20 in Ranged Weapons
  9211 | Lair:2   | 9211 ||| INVOKING Heroism.
  9522 | Lair:2   | 9522 ||| DROPPING ring of willpower.
  9569 | Lair:3   | Reached skill level 3 in Armour
  9594 | Lair:3   | Noticed a five-headed hydra
  9595 | Lair:3   | 9595 ||| INVOKING Heroism.
  9599 | Lair:3   | Killed a five-headed hydra
  9634 | Lair:3   | Reached skill level 6 in Fighting
  9658 | Lair:3   | 9658 ||| INVOKING Heroism.
  9708 | Lair:3   | 9708 ||| INVOKING Heroism.
  9749 | Lair:3   | Identified the +7 long sword of Ontocw {freeze, rPois rF+
                  | Str+3}
  9793 | Lair:3   | 9793 ||| INVOKING Heroism.
  9796 | Lair:3   | Received a gift from Okawaru
  9839 | Lair:3   | 9839 ||| DROPPING +2 robe of willpower.
  9886 | Lair:3   | Identified the +10 war axe of the Witching Visionary
                  | {drain, *Noise rC+++ rCorr Dex-2}
  9946 | Lair:3   | 9946 ||| FLEEEEING.
  9947 | Lair:3   | 9947 ||| FLEEEEING.
  9961 | Lair:3   | 9961 ||| FLEEEEING.
  9962 | Lair:3   | 9962 ||| FLEEEEING.
 10151 | Lair:3   | Found a staircase to the Snake Pit.
 10216 | Lair:3   | Noticed an eight-headed hydra
 10217 | Lair:3   | 10217 ||| INVOKING Heroism.
 10220 | Lair:3   | Killed an eight-headed hydra
 10404 | Lair:3   | 10404 ||| DRINKING 3 green potions.
 10405 | Lair:3   | 10405 ||| READING 7 scrolls of identify.
 10405 | Lair:3   | 10405 ||| IDENTIFYING glowing black potion
 10426 | Lair:4   | 10426 ||| INVOKING Heroism.
 10659 | Lair:4   | 10659 ||| READING scroll of enchant weapon.
 10659 | Lair:4   | 10659 ||| ENCHANTING +1 longbow of draining.
 10695 | Lair:4   | 10695 ||| READING scroll of enchant weapon.
 10695 | Lair:4   | 10695 ||| ENCHANTING +2 longbow of draining.
 10764 | Lair:4   | 10764 ||| INVOKING Heroism.
 10777 | Lair:4   | Reached XP level 13. HP: 76/76 MP: 25/25
 10975 | Lair:4   | Reached skill level 12 in Dodging
 11237 | Lair:4   | 11237 ||| DROPPING +0 ring mail of fire resistance.
 11238 | Lair:4   | 11238 ||| UPGRADING to +2 ring mail of fire resistance.
 11248 | Lair:4   | 11248 ||| DROPPING ring of wizardry.
 11249 | Lair:4   | 11249 ||| READING 6 scrolls of identify.
 11249 | Lair:4   | 11249 ||| IDENTIFYING brown potion
 11250 | Lair:4   | 11250 ||| DROPPING potion of berserk rage.
 11290 | Lair:5   | Entered Level 5 of the Lair of Beasts
 11291 | Lair:5   | 11291 ||| INVOKING Heroism.
 11303 | Lair:5   | 11303 ||| STAIRDANCE
 11305 | Lair:4   | HP: 17/76 [vampire mosquito (4)]
 11306 | Lair:4   | 11306 ||| READING 4 scrolls of teleportation.
 11307 | Lair:4   | 11307 ||| DRINKING 2 potions of heal wounds.
 11453 | Lair:5   | 11453 ||| INVOKING Heroism.
 11464 | Lair:5   | Received a gift from Okawaru
 11482 | Lair:5   | 11482 ||| DROPPING +1 antimagic arbalest.
 11508 | Lair:5   | 11508 ||| INVOKING Heroism.
 11586 | Lair:5   | 11586 ||| INVOKING Heroism.
 11682 | Lair:5   | 11682 ||| INVOKING Heroism.
 11716 | Lair:5   | Reached skill level 9 in Fighting
 11790 | Lair:5   | 11790 ||| READING scroll labelled ULIALI HUIMNAH.
 11790 | Lair:5   | Identified a scroll of acquirement
 11790 | Lair:5   | 11790 ||| ACQUIRING 932 gold pieces
 11790 | Lair:5   | Acquired 932 gold pieces
 11793 | Lair:5   | 11793 ||| INVOKING Heroism.
 11870 | Lair:5   | 11870 ||| INVOKING Heroism.
 11945 | Lair:5   | 11945 ||| INVOKING Heroism.
 11988 | Lair:5   | 11988 ||| INVOKING Heroism.
 12143 | Lair:5   | Found the +0 mask of the Dragon {Will+ Slay+3 SInv}
 12180 | Lair:5   | 12180 ||| INVOKING Heroism.
 12239 | Lair:5   | Reached XP level 14. HP: 86/86 MP: 26/26
 12330 | Lair:5   | Found a viscous altar of Jiyva.
 12330 | Lair:5   | Found a staircase to the Slime Pits.
 12454 | Lair:5   | Received a gift from Okawaru
 12797 | Lair:5   | 12797 ||| PLANNING D:1-11
 12797 | Lair:5   | 12797 ||| UPGRADING to +0 mask of the Dragon {Will+ Slay+3
                  | SInv}.
 12802 | Lair:5   | 12802 ||| DROPPING ring of protection from cold.
 12912 | D:10     | Entered Level 10 of the Dungeon
 13021 | D:10     | 13021 ||| READING scroll of enchant armour.
 13021 | D:10     | 13021 ||| ENCHANTING +0 pair of boots.
 13199 | D:10     | 13199 ||| Stepping ~*~*~tactically~*~*~ (outnumbered).
 13383 | D:10     | Reached skill level 15 in Dodging
 13544 | D:10     | Found a staircase to the Orcish Mines.
 13592 | D:10     | 13592 ||| UPGRADING to +4 ring of protection.
 13594 | D:10     | 13594 ||| DROPPING +3 ring of dexterity.
 13851 | D:11     | 13851 ||| INVOKING Heroism.
 13868 | D:11     | Reached skill level 6 in Armour
 14023 | D:11     | Received a gift from Okawaru
 14515 | D:11     | 14515 ||| PLANNING D
 14635 | D:12     | 14635 ||| Stepping ~*~*~tactically~*~*~ (outnumbered).
 14640 | D:12     | 14640 ||| Stepping ~*~*~tactically~*~*~ (outnumbered).
 14754 | D:12     | 14754 ||| READING 3 scrolls of teleportation.
 14758 | D:12     | 14758 ||| INVOKING Heroism.
 15060 | D:12     | Noticed Nessos
 15061 | D:12     | 15061 ||| INVOKING Finesse.
 15064 | D:12     | Killed Nessos
 15110 | D:12     | 15110 ||| INVOKING Heroism.
 15111 | D:12     | 15111 ||| INVOKING Finesse.
 15115 | D:12     | Identified the +0 longbow of Defenestration {elec, rF+
                  | Will- Str+2} (Okawaru gifted it to you on level 12 of the
                  | Dungeon)
 15115 | D:12     | Received a gift from Okawaru
 15519 | D:13     | 15519 ||| INVOKING Heroism.
 15731 | D:13     | 15731 ||| READING scroll of acquirement.
 15731 | D:13     | 15731 ||| ACQUIRING +0 triple crossbow of the Mind {drain,
                  | rF++ rN+ Stlth+}
 15731 | D:13     | Acquired the +0 triple crossbow of the Mind {drain, rF++
                  | rN+ Stlth+}
 15733 | D:13     | 15733 ||| SWAPPING to +0 triple crossbow of the Mind
                  | {drain, rF++ rN+ Stlth+}.
 15734 | D:13     | 15734 ||| DROPPING +3 longbow of draining.
 15735 | D:13     | 15735 ||| DROPPING +1 longbow of flaming.
 15736 | D:13     | 15736 ||| DROPPING +0 longbow of Defenestration {elec, rF+
                  | Will- Str+2}.
 16127 | D:13     | Identified the +0 plate armour of Wuhud {rElec}
 16423 | D:14     | 16423 ||| INVOKING Heroism.
 16527 | D:14     | 16527 ||| INVOKING Heroism.
 16530 | D:14     | Reached XP level 15. HP: 94/94 MP: 27/27
 16705 | D:14     | 16705 ||| Stepping ~*~*~tactically~*~*~ (cloud).
 16712 | D:14     | 16712 ||| Stepping ~*~*~tactically~*~*~ (cloud).
 16715 | D:14     | 16715 ||| Stepping ~*~*~tactically~*~*~ (cloud).
 16717 | D:14     | 16717 ||| INVOKING Heroism.
 16720 | D:14     | 16720 ||| Stepping ~*~*~tactically~*~*~ (cloud).
 16721 | D:14     | 16721 ||| Stepping ~*~*~tactically~*~*~ (cloud).
 16722 | D:14     | 16722 ||| Stepping ~*~*~tactically~*~*~ (cloud).
 16726 | D:14     | Reached skill level 21 in Ranged Weapons
 16819 | D:14     | 16819 ||| FLEEEEING.
 17006 | D:14     | 17006 ||| Stepping ~*~*~tactically~*~*~ (water).
 17021 | D:14     | 17021 ||| FLEEEEING.
 17022 | D:14     | 17022 ||| FLEEEEING.
 17023 | D:14     | 17023 ||| FLEEEEING.
 17313 | D:14     | Identified the +0 pair of gloves of Jaaxta {Dex+3} (Okawaru
                  | gifted it to you on level 14 of the Dungeon)
 17313 | D:14     | Received a gift from Okawaru
 17350 | D:14     | Found a gate to the Vaults.
 17592 | D:14     | 17592 ||| Stepping ~*~*~tactically~*~*~ (cloud).
 17759 | D:14     | 17759 ||| DROPPING +0 pair of gloves of Jaaxta {Dex+3}.
 17762 | D:15     | Entered Level 15 of the Dungeon
 17773 | D:15     | 17773 ||| INVOKING Heroism.
 17785 | D:15     | Reached skill level 22 in Ranged Weapons
 18064 | D:15     | 18064 ||| INVOKING Heroism.
 18161 | D:15     | Identified the +10 orcbow "Heughod" {elec, Str+3 Dex+5}
 18271 | D:15     | 18271 ||| INVOKING Heroism.
 18498 | D:15     | Found a staircase to the Depths.
 18499 | D:15     | 18499 ||| INVOKING Heroism.
 18690 | D:15     | 18690 ||| PLANNING ORC
 18798 | Orc:1    | Entered Level 1 of the Orcish Mines
 18801 | Orc:1    | 18801 ||| INVOKING Heroism.
 18832 | Orc:1    | Found a dark tunnel.
 18959 | Orc:2    | Entered Level 2 of the Orcish Mines
 19021 | Orc:2    | Noticed Azrael
 19022 | Orc:2    | 19022 ||| INVOKING Heroism.
 19023 | Orc:2    | 19023 ||| INVOKING Finesse.
 19025 | Orc:2    | 19025 ||| Stepping ~*~*~tactically~*~*~ (outnumbered).
 19038 | Orc:2    | Killed Azrael
 19038 | Orc:2    | Received a gift from Okawaru
 19076 | Orc:2    | Found a staircase to the Elven Halls.
 19436 | Orc:1    | 19436 ||| Stepping ~*~*~tactically~*~*~ (outnumbered).
 19541 | Orc:1    | Found a runed translucent door.
 19653 | Orc:1    | 19653 ||| Stepping randomly (stuck).
 19695 | Orc:2    | 19695 ||| Stepping ~*~*~tactically~*~*~ (outnumbered).
 19703 | Orc:2    | 19703 ||| INVOKING Heroism.
 19729 | Orc:2    | 19729 ||| Stepping ~*~*~tactically~*~*~ (outnumbered).
 19736 | Orc:2    | Found Boetho's Antique Weapon Shop.
 19743 | Orc:2    | 19743 ||| Stepping ~*~*~tactically~*~*~ (outnumbered).
 19745 | Orc:2    | 19745 ||| Stepping ~*~*~tactically~*~*~ (outnumbered).
 19751 | Orc:2    | 19751 ||| Stepping ~*~*~tactically~*~*~ (outnumbered).
 19757 | Orc:2    | 19757 ||| INVOKING Heroism.
 19769 | Orc:2    | Reached skill level 12 in Fighting
 19787 | Orc:2    | 19787 ||| INVOKING Heroism.
 19946 | Orc:2    | Found Ympikh's Magic Scroll Shoppe.
 19953 | Orc:2    | 19953 ||| BUYING scroll of enchant weapon (112 gold).
 19953 | Orc:2    | Bought a scroll of enchant weapon for 112 gold pieces
 19953 | Orc:2    | Found Beud's Book Shoppe.
 19955 | Orc:2    | Found Taho Vuu's Antique Armour Shop.
 19964 | Orc:2    | 19964 ||| BUYING fire dragon scales (1860 gold).
 19964 | Orc:2    | Bought fire dragon scales for 1860 gold pieces
 19964 | Orc:2    | 19964 ||| BUYING pair of embroidered boots (232 gold).
 19964 | Orc:2    | Bought a pair of embroidered boots for 232 gold pieces
 19964 | Orc:2    | 19964 ||| BUYING runed scale mail (217 gold).
 19964 | Orc:2    | Bought a runed scale mail for 217 gold pieces
 19964 | Orc:2    | 19964 ||| BUYING runed scarf (248 gold).
 19964 | Orc:2    | Bought a runed scarf for 248 gold pieces
 20082 | Orc:2    | 20082 ||| PLANNING SHOALS:1-3
 20082 | Orc:2    | 20082 ||| DROPPING +3 ring mail of the Other Side {Int+5}.
 20083 | Orc:2    | 20083 ||| UPGRADING to +2 pair of boots.
 20093 | Orc:2    | 20093 ||| DROPPING +1 pair of boots.
 20094 | Orc:2    | 20094 ||| UPGRADING to +4 scale mail of poison resistance.
 20104 | Orc:2    | 20104 ||| UPGRADING to scarf of repulsion.
 20257 | Shoals:1 | Entered Level 1 of the Shoals
 20262 | Shoals:1 | 20262 ||| STAIRDANCE
 20413 | Shoals:1 | 20413 ||| INVOKING Heroism.
 20451 | Shoals:1 | 20451 ||| Stepping ~*~*~tactically~*~*~ (water).
 20462 | Shoals:1 | 20462 ||| FLEEEEING.
 20463 | Shoals:1 | 20463 ||| FLEEEEING.
 20656 | Shoals:1 | Found a runed translucent gate.
 20656 | Shoals:1 | Found a runed translucent gate.
 20656 | Shoals:1 | Found a runed translucent gate.
 20661 | Shoals:1 | Noticed finalsalamander's ghost (adept HOMo)
 20676 | Shoals:1 | 20676 ||| Stepping ~*~*~tactically~*~*~ (water).
 20773 | Shoals:1 | 20773 ||| Stepping ~*~*~tactically~*~*~ (water).
 20789 | Shoals:1 | 20789 ||| Stepping ~*~*~tactically~*~*~ (water).
 20800 | Shoals:1 | Reached XP level 16. HP: 101/101 MP: 28/28
 20977 | Shoals:1 | 20977 ||| DROPPING ring of magical power.
 21025 | Shoals:2 | Received a gift from Okawaru
 21036 | Shoals:2 | 21036 ||| INVOKING Heroism.
 21038 | Shoals:2 | Demolished by a faun

Levels and vault maps discovered:
D:1:      scummos_arrival_checkerplants, layout_loops_ring, nrook_mini_vaults
D:2:      minmay_angry_zag, layout_loops_corners
D:3:      layout_rooms, grunt_decor_mini_mirrors,
          chequers_hall_statues_corner_a, uniq_natasha, uniq_jessica
D:4:      layout_rooms, demons_altar, kennysheep_pointless_box,
          nrook_mini_backslash, minmay_quantized, uniq_grinder
D:5:      layout_cave_pods, serial_bayou, serial_bayou_pond_d,
          serial_bayou_shore_b, serial_bayou_crossing, serial_bayou_lake_a,
          grunt_decor_one_mirror
D:6:      layout_basic, grunt_decor_resistance, chequers_serial_rivers_micro_d,
          nicolae_shop_unique_rings, amcnicky_mini_pool_medium
D:7:      layout_loops_ring, gammafunk_temple_overflow_pools,
          jmf_multi_god_temple, minmay_temple_entry_overgrown, uniq_joseph
D:8:      layout_basic, mainiacjoe_overflow_alcove_1,
          nicolae_shop_i_like_big_books, skrybe_limestone_x, uniq_maurice
D:9:      layout_loops_cross, cheibrodos_worm_habitat, xom_redecorated,
          erik_lair_orcish_takeover, serial_shops, shop, uniq_gastronok
D:10:     layout_basic, orc_0_dummy
D:11:     nzn_winding_woodlands_three_and_one [nzn_winding_woodlands_5x15_twine,
          nzn_winding_woodlands_5x15_crooked,
          nzn_winding_woodlands_5x15_concentric,
          nzn_winding_woodlands_center_garden], layout_loops_ring
D:12:     layout_basic, uniq_nessos
D:13:     layout_loops_ring, eino_jars
D:14:     minmay_crescents, layout_layer_cave, grunt_vaults_entry_fortified,
          minmay_door_square, serial_bayou_pond_e
D:15:     hangedman_depths_entry_try_elsewhere_first, layout_basic,
          chequers_serial_rivers_micro_c
Temple:   eino_temple_water
Lair:1:   layout_small_grid, nzn_masters_of_martial_movement,
          uniq_prince_ribbit2
Lair:2:   layout_regular_city, minmay_shoals_entry_centaurs, basic_altar,
          uniq_urug
Lair:3:   layout_gridlike, nicolae_snake_entry_squirm
Lair:4:   layout_regular_city, hibernation_bobbens
Lair:5:   minmay_lair_end_frog_pond, layout_cave_pods,
          minmay_slime_entry_pillars, pdpol_lair_neglected_garden
Shoals:1: layout_shoals, gammafunk_ghost_necromancy
Shoals:2: layout_shoals, uniq_ilsuiw
Orc:1:    layout_diamond_mine, nicolae_volcano_entry_hallway,
          lightli_church_of_beogh
Orc:2:    st_orc_elflike, layout_caves, uniq_azrael

Skill      XL: |  1  2  3  4  5  6  7  8  9 10 11 12 13 14 15 |
---------------+----------------------------------------------+-----
Ranged Weapons | 6 7 8 9 10 12 13 15 18 19 20 22 | 22.0
Dodging        | 4 7 8 11 14 16 17 | 17.1
Fighting       | 2 3 4 5 7 9 11 12 | 12.2
Armour         | 1 2 4 5 6 8 |  8.0
Invocations    | 4 6 10 | 10.0
Stealth        | |  1.2

Action                     |  1- 3 |  4- 6 |  7- 9 | 10-12 | 13-15 | 16-18 || total
---------------------------+-------+-------+-------+-------+-------+-------++-------
   Fire: Shortbow          |   114 |   146 |   224 |       |       |       ||   484
         Longbow           |       |       |    97 |   470 |   733 |       ||  1300
         Triple crossbow   |       |       |       |       |   429 |    23 ||   452
 Invoke: Heroism           |       |       |     4 |    20 |    27 |     1 ||    52
         Finesse           |       |       |       |     3 |     3 |       ||     6
    Use: Scroll            |     2 |     7 |    11 |     6 |     6 |       ||    32
         Potion            |       |     4 |     4 |     1 |     1 |       ||    10
 Armour: Leather armour    |     8 |    14 |    12 |       |       |       ||    34
         Ring mail         |       |       |     4 |    37 |   108 |       ||   149
         Scale mail        |       |       |       |       |    11 |    16 ||    27
  Dodge: Dodged            |    23 |    48 |   154 |   290 |   881 |    42 ||  1438
         Repelled          |       |       |       |       |     1 |     1 ||     2

Table legend:
 A = Non-vault XP
 B = Vault XP
 C = Vault XP percentage of total XP
 D = Non-vault monster count
 E = Vault monster count
 F = Vault count percentage of total count
                 A         B        C        D         E       F
            +---------+---------+-------+---------+---------+-------
      Total |  101254 |   55319 |  35.3 |     491 |     180 |  26.8
            +---------+---------+-------+---------+---------+-------
        D:1 |      48 |       0 |   0.0 |      26 |       0 |   0.0
        D:2 |      33 |      19 |  36.5 |      17 |       5 |  22.7
        D:3 |     114 |      73 |  39.0 |      13 |       2 |  13.3
        D:4 |     318 |     487 |  60.5 |      13 |      11 |  45.8
        D:5 |     524 |       0 |   0.0 |      15 |       0 |   0.0
        D:6 |     535 |     189 |  26.1 |      10 |       6 |  37.5
        D:7 |     452 |     722 |  61.5 |      13 |       3 |  18.8
        D:8 |     991 |     439 |  30.7 |      25 |       1 |   3.8
        D:9 |    1726 |    2150 |  55.5 |      16 |      11 |  40.7
       D:10 |    4058 |       0 |   0.0 |      27 |       0 |   0.0
       D:11 |    2920 |    7664 |  72.4 |      27 |      22 |  44.9
       D:12 |    6979 |    1019 |  12.7 |      27 |       1 |   3.6
       D:13 |    3696 |     959 |  20.6 |      10 |       8 |  44.4
       D:14 |    5524 |   13035 |  70.2 |      12 |      20 |  62.5
       D:15 |   11421 |    2239 |  16.4 |      23 |       4 |  14.8
     Lair:1 |    8478 |    1874 |  18.1 |      36 |       5 |  12.2
     Lair:2 |    6446 |    1249 |  16.2 |      25 |       5 |  16.7
     Lair:3 |    8051 |     473 |   5.5 |      24 |       3 |  11.1
     Lair:4 |    5161 |     850 |  14.1 |      19 |       4 |  17.4
     Lair:5 |   16803 |   11980 |  41.6 |      45 |      39 |  46.4
   Shoals:1 |    9268 |       0 |   0.0 |      20 |       0 |   0.0
   Shoals:2 |    3057 |       0 |   0.0 |       5 |       0 |   0.0
      Orc:1 |    2189 |       0 |   0.0 |      27 |       0 |   0.0
      Orc:2 |    2462 |    9898 |  80.1 |      16 |      30 |  65.2
            +---------+---------+-------+---------+---------+-------
